 Dungeon Crawl Stone Soup version 0.23.0-3-gf3c87f2 (webtiles) character file.

Game seed: 3507945165571668304

171555 Gorice the Severer (level 17, -8/142 HPs)
             Began as a Demonspawn Monk on Feb 20, 2019.
             Was the Champion of Kikubaaqudgha.
             Killed by angry trees
             ... awakened by a spriggan druid
              (11 damage)
             ... on level 4 of the Swamp on Feb 22, 2019.
             The game lasted 02:56:32 (46249 turns).

Gorice the Severer (Demonspawn Monk)               Turns: 46249, Time: 02:56:33

Health: -8/142     AC: 26    Str: 20    XL:     17   Next: 39%
Magic:  0/26       EV: 12    Int: 11    God:    Kikubaaqudgha [******]
Gold:   847        SH:  0    Dex: 15    Spells: 14/16 levels left

rFire    + . .     SeeInvis +   a - +2 battleaxe (drain)
rCold    . . .     Gourm    +   (shield currently unavailable)
rNeg     . . .     Faith    .   L - quicksilver dragon scales
rPois    +         Spirit   +   (helmet unavailable)
rElec    .         Reflect  .   O - scarf {Spirit}
rCorr    .         Harm     .   E - +1 pair of gloves
MR       ++...                  D - +2 pair of boots
Stlth    +++.......             M - amulet of the gourmand
HPRegen  0.33/turn              u - +3 ring of protection
MPRegen  0.20/turn              p - ring of poison resistance

@: very slightly contaminated, studying Evocations
A: antennae 3, thin metallic scales 2, fire resistance 1, nightstalker 2,
augmentation 1
a: Receive Corpses, Torment, Brand Weapon With Pain, Receive Necronomicon,
Renounce Religion


You were on level 4 of the Swamp.
You worshipped Kikubaaqudgha.
Kikubaaqudgha was exalted by your worship.
You were not hungry.

You visited 6 branches of the dungeon, and saw 31 of its levels.
You visited 1 bazaar.
You also visited: Sewer, Bailey and Ice Cave.

You collected 2798 gold pieces.
You spent 1951 gold pieces at shops.

Inventory:

Hand Weapons
 a - a +2 battleaxe of draining (weapon)
   (You took it off Rupert on level 15 of the Dungeon)
 h - a +2 morningstar of draining
   (You took it off an orc on level 12 of the Dungeon)
 B - a +0 blowgun
Missiles
 b - 5 curare-tipped needles
 g - 35 tomahawks (quivered)
Armour
 c - a scarf of cloud immunity
   (You found it on level 9 of the Dungeon)
 D - a +2 pair of boots (worn)
 E - a +1 pair of gloves (worn)
 L - quicksilver dragon scales (worn)
 O - a scarf of spirit shield (worn)
   (You found it on level 11 of the Dungeon)
Jewellery
 f - an uncursed ring of protection from fire
 m - an uncursed ring of protection from magic
 p - a ring of poison resistance (right hand)
 u - a +3 ring of protection (left hand)
 C - an uncursed ring of resist corrosion
 F - an uncursed ring of flight
 I - an uncursed ring of ice
 M - an amulet of the gourmand (around neck)
 N - an uncursed ring of positive energy
Wands
 d - a wand of polymorph (7)
 n - a wand of digging (9)
 o - a wand of iceblast (9)
 y - a wand of acid (26)
 J - a wand of enslavement (18)
 T - a wand of flame (21)
Scrolls
 i - 15 scrolls of remove curse
 j - a scroll of enchant armour
 r - 13 scrolls of identify
 Q - 9 scrolls of teleportation {!r}
 R - 6 scrolls of fear {!r}
 S - 2 scrolls of magic mapping {!r}
Potions
 e - 4 potions of might {!q}
 k - 3 potions of cancellation {!q}
 l - 5 potions of flight
 v - 2 potions of resistance {!q}
 w - 3 potions of magic {!q}
 z - 7 potions of haste {!q}
 H - a potion of ambrosia
 K - 3 potions of curing
 V - a potion of agility {!q}
Books
 s - a manual of Evocations {!d}
Miscellaneous
 U - a lamp of fire
Comestibles
 G - 54 rations


   Skills:
 + Level 15.4 Fighting
 + Level 18.8 Axes
 - Level 14.0 Armour
 - Level 2.8 Dodging
 - Level 2.0 Stealth
 + Level 12.6 Evocations


You had 14 spell levels left.
You knew the following spells:

 Your Spells              Type           Power        Failure   Level  Hunger
J - Blink                 Tloc           N/A          61%         2    ###....

Your spell library contained the following spells:

 Spells                   Type           Power        Failure   Level  Hunger
 Animate Skeleton         Necr           N/A          45%         1    ##.....
 Apportation              Tloc           #.....       45%         1    ##.....
 Corona                   Hex            #......      45%         1    ##.....
 Flame Tongue             Conj/Fire      #....        45%         1    ##.....
 Infusion                 Chrm           #...         45%         1    ##.....
 Pain                     Necr           #...         45%         1    ##.....
 Summon Butterflies       Summ           #.......     45%         1    ##.....
 Ensorcelled Hibernation  Hex/Ice        #.....       61%         2    ###....
 Shroud of Golubria       Chrm/Tloc      #.........   61%         2    ###....
 Sublimation of Blood     Necr           #.........   61%         2    ###....
 Confuse                  Hex            #.......     83%         3    ####...
 Dazzling Spray           Conj/Hex       #.....       83%         3    ####...
 Gell's Gravitas          Tloc           #.........   83%         3    ####...
 Ignite Poison            Fire/Tmut/Pois #.......     83%         3    ####...
 Lesser Beckoning         Tloc           #.........   83%         3    ####...
 Regeneration             Chrm/Necr      #.........   83%         3    ####...
 Summon Guardian Golem    Hex/Summ       #.......     83%         3    ####...
 Teleport Other           Tloc           #.......     83%         3    ####...
 Tukima's Dance           Hex            #.......     83%         3    ####...
 Vampiric Draining        Necr           #.........   83%         3    ####...
 Animate Dead             Necr           N/A          99%         4    #####..
 Passage of Golubria      Tloc           N/A          99%         4    #####..
 Sticky Flame             Conj/Fire      #.......     99%         4    #####..
 Summon Ice Beast         Ice/Summ       #.......     99%         4    #####..
 Agony                    Necr           #.......     100%        5    ######.
 Alistair's Intoxication  Tmut/Pois      #.......     100%        5    ######.
 Borgnjor's Vile Clutch   Necr/Erth      #.........   100%        5    ######.
 Dispel Undead            Necr           #.......     100%        5    ######.
 Excruciating Wounds      Chrm/Necr      #.........   100%        5    ######.
 Invisibility             Hex            #.......     100%        6    #######
 Simulacrum               Ice/Necr       #.........   100%        6    #######
 Ring of Flames           Chrm/Fire      #.........   100%        7    #######


Dungeon Overview and Level Annotations

Branches:
Dungeon (15/15)            Temple (1/1) D:4            Lair (6/6) D:11
  Swamp (4/4) Lair:4        Snake (3/4) Lair:2        Slime (0/5) Lair:6
    Orc (2/2) D:9             Elf (0/3) Orc:2        Vaults (0/5) D:13
 Depths (0/5) D:15

Altars:
Ashenzari
Cheibriados
Dithmenos
Elyvilon
Fedhas
Gozag
Hepliaklqana
Kikubaaqudgha
Makhleb
Nemelex Xobeh
Okawaru
Qazlal
Ru
Sif Muna
Trog
Uskayaw
Vehumet
Wu Jian
Xom
Yredelemnul
Zin
The Shining One
Beogh

Shops:
D:4 }   Orc:1 *   Orc:2 %[*%}

Annotations:
D:2 Sigmund
D:10 1 runed translucent door, NormalPerson7T's ghost, novice DgTm
D:12 1 runed translucent door, Nr616's ghost, journeyman TrMo
Swamp:2 3 runed translucent doors
Snake:3 wjtupper's ghost, adept MiHu


Innate Abilities, Weirdness & Mutations

You have a pair of large antennae on your head. (SInv)
You are mostly covered in thin metallic scales. (AC +3)
Your flesh is heat resistant. (rF+)
You are significantly more attuned to the shadows.
Your magical and physical power is slightly enhanced at high health.


Message History

The spriggan druid closely misses the seven-headed hydra.
Your surroundings suddenly seem different.
Splash!
You fall into the shallow water.
Moving in this stuff is going to be slow.
Really quaff
k - 4 potions of cancellation {!q}?
Your magical effects are unravelling.
You feel magically purged.
The sentinel's mark upon you fades away.
Wield which item (- for none, * to show all)? (? for menu, Esc to quit)
You sense an unholy aura.
a - a +2 battleaxe of draining (weapon)
You start resting.
You sense a monster nearby.
A bog body comes into view.
The spriggan druid points at you and mumbles some strange words.
The stone arrow hits you!!
* * * LOW HITPOINT WARNING * * *
Damage: 20 (max 20) Evoke which item? (* to show all) (? for menu, Esc to quit)
Aiming: Cloud Cone
Press: ? - help, Dir - move target cursor, f - spriggan druid
Aim: a spriggan druid, wielding a +0 quarterstaff and wearing a +0 robe You create a blast of flame!
The now-empty wand crumbles to dust.
You hear a roar!
The spriggan druid is engulfed in blazing flames.
You hear a deafening roar!
You closely miss the spriggan druid.
The spriggan druid is moderately wounded.
The spriggan druid is engulfed in blazing flames.
The spriggan druid casts a spell.
The forest starts to sway and rumble!
Unknown command.
Unknown command.
Unknown command.
You feel better. Branches wave dangerously above you.
You are hit by a branch!
* * * LOW HITPOINT WARNING * * *
The spriggan druid is engulfed in blazing flames.
The spriggan druid misses you.
Damage: 2 (max 20) Blink to where?
Press: ? - help, Dir - move target cursor, p - spriggan druid You are very lightly contaminated with residual magic.
As you read the scroll of blinking, it crumbles to dust.
A swamp dragon comes into view.
A tree reaches out and hits you!
You die...
Kikubaaqudgha rasps: "You have failed me!
Welcome... death!"

.§ ♣≈≈≈≈.≈≈≈.PP§§ ♣
♣♣♣ ♣.≈≈≈.≈≈≈§§P§§ ♣
≈≈≈♣♣♣♣♣≈≈PP≈≈≈§§§§§P
♣
≈≈.≈§♣..≈♣fPP..≈≈≈≈§≈§
≈
≈..≈≈...♣♣.PP.≈...§§≈≈
.
..≈♣♣♣....≈PP≈...≈≈≈≈≈
≈.≈.♣≈.≈...≈≈≈≈...≈≈≈.
≈.D≈≈..≈♣.....<≈?[≈≈..
≈..≈≈@♣♣♣♣♣.≈..÷...≈.≈
≈≈≈≈≈ .≈≈≈≈≈.≈♣
♣♣≈≈÷≈≈§.≈♣≈ ≈≈≈§.
≈≈≈≈≈≈≈.♣♣♣♣.≈≈≈≈≈♣♣##
≈≈§≈≈
≈§≈≈≈≈≈..§.♣≈≈≈≈♣♣#
.tw≈≈
≈≈.♣§nD♣§..k.≈≈♣#
..≈≈≈ ≈..♣§i§♣♣♣≈≈♣.♣#
≈.[≈≈ ≈§§§♣♣♣♣♣...≈.♣
♣♣♣.≈ .≈≈≈ ♣♣.≈≈♣# ♣
≈≈ ♣≈.≈♣# {


You could see a five-headed hydra, a swamp dragon (wandering), a spriggan druid
and a bog body.

Vanquished Creatures
  Rupert (D:15)
  Kirke (D:15)
  A thorn hunter (Swamp:4)
  2 nagarajas (Snake:3)
  2 orc warlords
  An ironheart preserver (D:13)
  A dire elephant (Lair:6)
  Snorg (D:11)
  An ettin (D:15)
  A blizzard demon (IceCv)
  Erolcha (D:10)
  Josephine (Orc:2)
  Fannar (Lair:3)
  3 centaur warriors
  13 hydras
  11 alligators
  A catoblepas (Lair:6)
  4 naga warriors
  3 ghost crabs
  4 anacondas
  2 shambling mangroves
  5 ogre magi
  3 death yaks (Lair:6)
  2 tengu warriors (D:15)
  A deep troll shaman (Lair:6)
  15 two-headed ogres
  4 naga sharpshooters
  3 shock serpents
  A fire crab (Lair:6)
  3 spriggan druids (Swamp:3)
  A deep troll (D:15)
  3 sea snakes (Snake:3)
  5 naga ritualists
  11 swamp dragons
  An orc knight (Bailey)
  7 mana vipers
  3 deep elf magi
  A wolf spider zombie (D:15)
  3 orc sorcerers (Orc:1)
  2 manticores
  2 salamanders (Snake:1)
  7 ugly things
  2 centaur zombies
  7 cyclopes
  11 elephants
  33 black mambas
  4 naga magi
  3 ice statues (IceCv)
  4 guardian serpents
  Joseph (D:7)
  6 gargoyles
  18 spiny frogs
  3 rime drakes
  11 ice devils (IceCv)
  A golden dragon simulacrum (IceCv)
  6 freezing wraiths
  3 anaconda simulacra (IceCv)
  5 trolls
  A tengu conjurer (D:15)
  5 komodo dragons
  A meliai (shapeshifter) (D:13)
  6 tyrant leeches
  A polar bear (Lair:6)
  5 hornets
  19 blink frogs
  8 bog bodies
  7 dream sheep
  20 slime creatures
  4 hippogriffs
  2 shadows
  7 spriggans
  5 wraiths
  5 wyverns
  2 hogs (D:15)
  46 yaks
  2 basilisks
  3 vampire mosquitoes (D:15)
  A hungry ghost (D:12)
  2 harpy simulacra (IceCv)
  10 insubstantial wisps
  8 wargs
  2 soldier ants (D:13)
  11 swamp worms
  20 nagas
  2 iron troll simulacra (IceCv)
  Duvessa (D:7)
  A naga (shapeshifter) (D:11)
  10 water moccasins
  An acid dragon (D:12)
  10 porcupines
  8 swamp drakes
  2 hydra simulacra (IceCv)
  5 black bears
  An eye of draining (D:10)
  7 ice beasts
  25 orc warriors
  A phantom (D:13)
  4 sky beasts
  A necrophage (D:5)
  5 wolves (Lair:6)
  30 ogres
  8 centaurs
  14 crocodiles
  4 big kobolds
  16 bullfrogs
  3 gnoll sergeants
  Dowan (D:7)
  A wyvern skeleton (D:11)
  6 scorpions
  3 killer bees (D:8)
  6 wights
  9 howler monkeys
  An electric eel (D:9)
  10 crimson imps
  8 hounds
  2 quasits
  13 orc priests
  A bullfrog zombie (D:11)
  3 jellies
  3 bullfrog skeletons
  6 centaur skeletons
  8 worker ants
  7 iguanas
  19 orc wizards
  Terence (D:1)
  A hound skeleton (D:4)
  A worker ant zombie (D:10)
  22 gnolls
  14 adders
  A river rat (D:4)
  3 shadow imps
  3 white imps (D:9)
  An ooze (D:3)
  3 ufetubi (D:9)
  An adder zombie (D:5)
  2 adder skeletons
  5 worms
  A dart slug (D:3)
  An adder simulacrum (D:9)
  6 leopard geckos
  74 orcs
  3 ball pythons
  12 giant cockroaches
  7 hobgoblins
  10 quokkas
  8 bats
  7 frilled lizards
  7 goblins
  A goblin skeleton (D:5)
  A goblin zombie (D:5)
  4 hobgoblin zombies (D:5)
  17 kobolds
  A kobold skeleton (D:5)
  A kobold zombie (D:5)
  A leopard gecko skeleton (D:7)
  An orc zombie (D:5)
  9 rats
  2 fungi
  A plant (Lair:2)
959 creatures vanquished.

Vanquished Creatures (others)
  A blizzard demon (IceCv)
  2 blink frogs (Lair:6)
  2 humans (D:15)
  3 briar patches (Swamp:4)
  4 bushes (Lair:6)
  9 fungi (Lair:6)
  10 plants (Lair:6)
31 creatures vanquished.

Grand Total: 990 creatures vanquished

Notes
Turn   | Place    | Note
-------+----------+-------------------------------------------
     0 | D:1      | Gorice the Demonspawn Monk began the quest for the Orb.
     0 | D:1      | Reached XP level 1. HP: 18/18 MP: 1/1
   148 | D:1      | Reached skill level 2 in Stealth
   210 | D:1      | Gained mutation: You are slightly more attuned to the
                  | shadows. [demonic ancestry]
   210 | D:1      | Reached XP level 2. HP: 21/24 MP: 2/2
   268 | D:1      | Reached skill level 3 in Axes
   759 | D:2      | Noticed Sigmund
   886 | D:2      | Noticed a centaur
   896 | D:2      | Killed a centaur
   896 | D:2      | Reached skill level 4 in Axes
   896 | D:2      | Gained mutation: You have a pair of small antennae on your
                  | head. [demonic ancestry]
   896 | D:2      | Reached XP level 3. HP: 12/29 MP: 3/3
   896 | D:2      | Reached XP level 4. HP: 15/35 MP: 4/4
  1233 | D:2      | Noticed Terence
  1234 | D:2      | Found a faded altar of an unknown god.
  1480 | D:1      | Killed Terence
  1480 | D:1      | Reached skill level 5 in Axes
  1480 | D:1      | Gained mutation: Your flesh is heat resistant. (rF+)
                  | [demonic ancestry]
  1480 | D:1      | Reached XP level 5. HP: 31/41 MP: 5/5
  2696 | D:2      | HP: 6/41 [orc/+0 flail (7)]
  2703 | D:2      | HP: 8/41 [orc/+0 flail (2)]
  3674 | D:3      | Reached skill level 6 in Axes
  3674 | D:3      | Reached XP level 6. HP: 44/47 MP: 6/6
  3684 | D:3      | Found a shimmering altar of Xom.
  3833 | D:3      | Found a blossoming altar of Fedhas.
  4110 | D:4      | Found a shattered altar of Ashenzari.
  4161 | D:4      | Found Qunauq's Gadget Shop.
  4214 | D:4      | HP: 12/47 [river rat (5)]
  4219 | D:4      | HP: 10/47 [river rat (2)]
  4221 | D:4      | Reached skill level 7 in Axes
  4256 | D:4      | Found a glowing drain.
  4260 | Sewer    | Entered a sewer
  4806 | Sewer    | Reached XP level 7. HP: 51/52 MP: 7/7
  4931 | D:4      | Reached skill level 8 in Axes
  5282 | D:4      | Found a staircase to the Ecumenical Temple.
  5300 | Temple   | Entered the Ecumenical Temple
  5476 | Temple   | Became a worshipper of Kikubaaqudgha
  5476 | Temple   | Reached * piety under Kikubaaqudgha
  5476 | Temple   | Identified Kikubaaqudgha's Disquisition on Darkness
                  | (Kikubaaqudgha gifted it to you in the Ecumenical Temple)
  5476 | Temple   | Received a gift from Kikubaaqudgha
  5476 | Temple   | Reached ** piety under Kikubaaqudgha
  5838 | D:5      | Entered Level 5 of the Dungeon
  5890 | D:5      | Gained mutation: You have a pair of antennae on your head.
                  | [demonic ancestry]
  5890 | D:5      | Reached XP level 8. HP: 57/58 MP: 8/8
  5943 | D:5      | Found a glowing golden altar of the Shining One.
  5983 | D:5      | Reached skill level 9 in Axes
  5992 | D:5      | Reached skill level 1 in Armour
  6230 | D:5      | Reached skill level 2 in Armour
  6295 | D:5      | Reached *** piety under Kikubaaqudgha
  6295 | D:5      | Identified Kikubaaqudgha's Incunabulum of Stolen Souls
                  | (Kikubaaqudgha gifted it to you on level 5 of the Dungeon)
  6295 | D:5      | Received a gift from Kikubaaqudgha
  6506 | D:5      | Reached skill level 10 in Axes
  6528 | D:5      | Reached skill level 3 in Armour
  6616 | D:5      | Found a radiant altar of Vehumet.
  7146 | D:6      | Reached XP level 9. HP: 27/63 MP: 9/9
  7644 | D:7      | Noticed Joseph
  7888 | D:7      | Noticed Dowan
  7897 | D:7      | Noticed Duvessa
  7913 | D:7      | Killed Duvessa
  7918 | D:7      | Killed Dowan
  7918 | D:7      | Reached skill level 4 in Armour
  8078 | D:7      | Killed Joseph
  8135 | D:7      | Reached skill level 11 in Axes
  8169 | D:7      | HP: 10/63 [orc warrior/+0 trident (10)]
  8188 | D:7      | HP: 6/63 [orc warrior/+0 trident (13)]
  8666 | D:7      | Found an opulent altar of Gozag.
  8826 | D:8      | Found an ornate altar of the Wu Jian Council.
  8888 | D:8      | Reached **** piety under Kikubaaqudgha
  8935 | D:8      | Reached skill level 5 in Armour
  9167 | D:8      | Noticed a two-headed ogre
  9179 | D:8      | Killed a two-headed ogre
  9179 | D:8      | Gained mutation: You are partially covered in thin metallic
                  | scales. (AC +2) [demonic ancestry]
  9179 | D:8      | Reached XP level 10. HP: 56/70 MP: 10/10
  9259 | D:8      | Found a flagged portal.
  9280 | D:8      | Reached skill level 12 in Axes
  9370 | Bailey   | Entered a bailey
 10254 | Bailey   | Noticed an orc knight
 10255 | Bailey   | Found the +10 zealot's sword {holy, *Rage rN+ EV+3}
 10270 | Bailey   | Reached skill level 6 in Armour
 10288 | Bailey   | Killed an orc knight
 10899 | D:8      | Identified 2 scrolls of acquirement
 11145 | D:9      | Reached skill level 7 in Armour
 11158 | D:9      | Reached skill level 13 in Axes
 11209 | D:9      | Found a staircase to the Orcish Mines.
 11227 | D:9      | Found a roughly hewn altar of Beogh.
 11701 | D:9      | Gained mutation: You are mostly covered in thin metallic
                  | scales. (AC +3) [demonic ancestry]
 11701 | D:9      | Reached XP level 11. HP: 72/75 MP: 11/11
 11846 | D:9      | Reached ***** piety under Kikubaaqudgha
 12016 | D:9      | HP: 15/75 [gargoyle/stone arrow (9)]
 13049 | D:9      | HP: 20/75 [gargoyle/stone arrow (22)]
 13404 | D:9      | HP: 20/75 [gargoyle/stone arrow (14)]
 13656 | D:10     | Entered Level 10 of the Dungeon
 13854 | D:10     | Reached skill level 8 in Armour
 14263 | D:10     | Identified the Compendium of the Mutagenic Volcanoes
 14324 | D:10     | Reached skill level 14 in Axes
 14608 | D:10     | Noticed Erolcha
 14614 | D:10     | Noticed NormalPerson7T's ghost (novice DgTm)
 14630 | D:10     | Killed Erolcha
 14639 | D:10     | Found a runed translucent door.
 14722 | D:11     | HP: 19/76 [orc wizard/puff of flame (5)]
 14728 | D:11     | HP: 12/76 [warg (1)]
 14730 | D:11     | HP: 4/76 [warg (8)]
 15086 | D:11     | Found a staircase to the Lair.
 15104 | D:11     | Reached skill level 4 in Fighting
 15221 | D:11     | Noticed Snorg
 15236 | D:11     | Killed Snorg
 15240 | D:11     | HP: 12/78 [gargoyle/+0 flail (13)]
 15245 | D:11     | HP: 20/78 [gargoyle/stone arrow (4)]
 15615 | D:11     | Noticed a purple ugly thing
 15686 | D:11     | Noticed a brown ugly thing
 15707 | D:11     | Killed a purple ugly thing
 15707 | D:11     | Reached skill level 9 in Armour
 15725 | D:11     | Killed a purple ugly thing
 15725 | D:11     | Reached skill level 5 in Fighting
 16168 | D:11     | Gained mutation: Your magical and physical power is
                  | slightly enhanced at high health. [demonic ancestry]
 16168 | D:11     | Reached XP level 12. HP: 77/86 MP: 12/12
 16268 | D:11     | Noticed a two-headed hydra
 16284 | D:11     | Killed a two-headed hydra
 16568 | D:11     | Reached skill level 6 in Fighting
 16863 | Lair:1   | Entered Level 1 of the Lair of Beasts
 18250 | Lair:2   | Noticed a six-headed hydra
 18310 | Lair:2   | HP: 22/89 [six-headed hydra (9)]
 18312 | Lair:2   | Killed a six-headed hydra
 18312 | Lair:2   | Reached skill level 7 in Fighting
 18312 | Lair:2   | Reached skill level 10 in Armour
 18634 | Lair:2   | Found a staircase to the Snake Pit.
 19034 | Lair:2   | Reached skill level 15 in Axes
 19556 | Lair:3   | Noticed Fannar
 19625 | Lair:3   | Killed Fannar
 19625 | Lair:3   | Reached skill level 8 in Fighting
 19635 | Lair:3   | Got a faintly glowing war axe
 19636 | Lair:3   | Identified the +5 war axe of Tucliyju {drain, +Fly rC++
                  | Int-3} (You found it on level 3 of the Lair of Beasts)
 19728 | Lair:3   | Reached XP level 13. HP: 90/98 MP: 10/13
 20374 | Lair:4   | Found a staircase to the Swamp.
 20585 | Lair:4   | Reached skill level 11 in Armour
 21227 | Lair:4   | Reached skill level 9 in Fighting
 22302 | Lair:6   | Entered Level 6 of the Lair of Beasts
 22724 | Lair:6   | Reached ****** piety under Kikubaaqudgha
 22782 | Lair:6   | Learned a level 2 spell: Blink
 23070 | Lair:6   | Found a staircase to the Slime Pits.
 23388 | Lair:6   | Reached skill level 10 in Fighting
 23508 | Lair:6   | Reached skill level 16 in Axes
 23687 | Lair:6   | Reached skill level 12 in Armour
 23827 | Lair:6   | Noticed a dire elephant
 23848 | Lair:6   | Killed a dire elephant
 23848 | Lair:6   | Reached XP level 14. HP: 111/111 MP: 11/14
 24119 | Lair:1   | Got a coiled ruby amulet
 24120 | Lair:1   | Identified the amulet of Pakhlo {*Corrode +Rage rF+++
                  | Str+5} (You acquired it on level 1 of the Lair of Beasts)
 24181 | Orc:1    | Entered Level 1 of the Orcish Mines
 24232 | Orc:1    | Found Eudghiz's Eclectic Emporium.
 24301 | Orc:1    | Noticed an orc warlord
 24449 | D:9      | Killed an orc warlord
 24737 | Orc:1    | Found a burning altar of Makhleb.
 25151 | Orc:2    | Entered Level 2 of the Orcish Mines
 25152 | Orc:2    | Noticed Josephine
 25258 | Orc:2    | Killed Josephine
 25387 | Orc:2    | Found a staircase to the Elven Halls.
 25478 | Orc:2    | Found Cozxadgh's Food Shoppe.
 25657 | Orc:2    | Reached skill level 11 in Fighting
 25847 | Orc:2    | Noticed Sonja
 25853 | Orc:2    | Noticed Sonja
 25853 | Orc:2    | Sonja changed into Sonja the black bear
 25862 | Orc:2    | Killed Sonja the black bear
 25872 | Orc:2    | Noticed an orc warlord
 26060 | Orc:1    | Killed an orc warlord
 26457 | Orc:2    | Found Leuzuwoi's Armour Shoppe.
 26457 | Orc:2    | Found Hionnir's Food Boutique.
 26458 | Orc:2    | Found Xacaut's General Store.
 26458 | Orc:2    | Found Roukung's Gadget Emporium.
 26628 | Orc:2    | Bought a potion of resistance for 180 gold pieces
 26628 | Orc:2    | Bought a potion of brilliance for 72 gold pieces
 26650 | Orc:2    | Reached skill level 13 in Armour
 27027 | D:12     | Found a runed translucent door.
 27027 | D:12     | Found a shimmering altar of Xom.
 27027 | D:12     | Noticed Nr616's ghost (journeyman TrMo)
 27764 | D:13     | Reached skill level 12 in Fighting
 27983 | D:13     | Noticed an ironheart preserver
 28161 | D:13     | Killed an ironheart preserver
 28173 | D:13     | Found a gate to the Vaults.
 28200 | D:13     | Gained mutation: You are significantly more attuned to the
                  | shadows. [demonic ancestry]
 28200 | D:13     | Reached XP level 15. HP: 120/120 MP: 12/15
 29002 | D:14     | Reached skill level 17 in Axes
 29029 | D:14     | Identified Sif Muna's Disquisition on Creative Boosts
 29063 | D:14     | Found a flickering gateway to a bazaar.
 29086 | Bazaar   | Entered a bazaar
 29087 | Bazaar   | Found Eqeerch Yroim's General Store.
 29098 | Bazaar   | Found Eciplieh's Magic Scroll Emporium.
 29101 | Bazaar   | Found Penneteu's Magic Scroll Shoppe.
 29107 | Bazaar   | Found Zaramikkix's Antique Weapon Boutique.
 29120 | Bazaar   | Found Wuggioxzyeh's Weapon Emporium.
 29145 | Bazaar   | Bought a scroll of blinking for 97 gold pieces
 29150 | Bazaar   | Bought a scroll of enchant armour for 97 gold pieces
 29150 | Bazaar   | Bought a scroll of enchant armour for 97 gold pieces
 29150 | Bazaar   | Bought a scroll of enchant weapon for 97 gold pieces
 29157 | Bazaar   | Bought a scroll of enchant weapon for 97 gold pieces
 29767 | D:15     | Entered Level 15 of the Dungeon
 29805 | D:15     | Noticed Rupert
 30039 | D:15     | Noticed Kirke
 30062 | D:15     | Killed Kirke
 30070 | D:15     | Killed Rupert
 30639 | D:15     | Found a staircase to the Depths.
 30688 | D:15     | Reached skill level 13 in Fighting
 31023 | Swamp:1  | Entered Level 1 of the Swamp
 31650 | Swamp:1  | HP: 35/123 [shambling mangrove (2)]
 32092 | Swamp:1  | Reached skill level 14 in Armour
 32700 | Orc:1    | Bought a manual of Evocations for 1214 gold pieces
 32858 | Lair:4   | HP: 36/123 [shambling mangrove (17)]
 33276 | Swamp:2  | Reached skill level 1 in Evocations
 33419 | Swamp:2  | Reached skill level 2 in Evocations
 33921 | Swamp:2  | Found a runed translucent gate.
 33922 | Swamp:2  | Found a runed translucent gate.
 33923 | Swamp:2  | Found a runed translucent gate.
 33945 | Swamp:2  | Reached skill level 3 in Evocations
 34510 | Swamp:3  | Reached skill level 4 in Evocations
 34920 | Swamp:3  | Reached skill level 5 in Evocations
 35093 | Swamp:3  | Gained mutation: You have a pair of large antennae on your
                  | head. (SInv) [demonic ancestry]
 35093 | Swamp:3  | Reached XP level 16. HP: 96/131 MP: 14/20
 35447 | Swamp:3  | Reached skill level 6 in Evocations
 36079 | Snake:1  | Entered Level 1 of the Snake Pit
 36503 | Snake:1  | Reached skill level 7 in Evocations
 36544 | Snake:1  | HP: 33/132 [naga mage/poison arrow (14)]
 36552 | Snake:1  | HP: 27/132 [guardian serpent/bolt of poison (1)]
 36563 | Snake:1  | HP: 15/132 [black mamba (5)]
 36569 | Snake:1  | HP: 9/132 [guardian serpent (6)]
 36980 | Snake:1  | Reached skill level 14 in Fighting
 37246 | Snake:1  | Reached skill level 18 in Axes
 37733 | Snake:2  | Reached skill level 8 in Evocations
 39127 | Snake:2  | Reached skill level 9 in Evocations
 39351 | Snake:3  | Found a frozen archway.
 39362 | IceCv    | Entered an ice cave
 40348 | IceCv    | Reached skill level 10 in Evocations
 40366 | IceCv    | Got a pitted leather armour
 41368 | Snake:3  | Found a runed translucent gate.
 41369 | Snake:3  | Found a runed translucent gate.
 41370 | Snake:3  | Found a runed translucent gate.
 41371 | Snake:3  | Noticed wjtupper's ghost (adept MiHu)
 41401 | Snake:3  | HP: 35/134 [wjtupper's ghost (24)]
 41404 | Snake:3  | HP: 10/134 [wjtupper's ghost (26)]
 42401 | Snake:3  | Reached skill level 11 in Evocations
 42453 | Snake:3  | HP: 36/134 [shock serpent (11)]
 42455 | Snake:3  | HP: 15/134 [shock serpent (5)]
 42455 | Snake:3  | HP: 7/134 [shock serpent (8)]
 42476 | Snake:3  | HP: 5/134 [naga sharpshooter/bolt (9)]
 42963 | Snake:3  | Reached XP level 17. HP: 119/140 MP: 20/25
 43234 | Snake:3  | Reached skill level 15 in Fighting
 43800 | Swamp:4  | Entered Level 4 of the Swamp
 43925 | Swamp:3  | HP: 36/142 [alligator (10)]
 43930 | Swamp:3  | HP: 10/142 [alligator (9)]
 43930 | Swamp:3  | HP: 1/142 [alligator (9)]
 44781 | Swamp:4  | Reached skill level 12 in Evocations
 44782 | Swamp:4  | HP: 40/142 [seven-headed hydra (4)]
 45145 | Swamp:4  | HP: 36/142 [bog body (9)]
 46222 | Swamp:4  | HP: 34/142 [bog body (10)]
 46245 | Swamp:4  | HP: 5/142 [spriggan druid/stone arrow (21)]
 46249 | Swamp:4  | Killed from afar by a spriggan druid

Skill      XL: |  1  2  3  4  5  6  7  8  9 10 11 12 13 14 15 16 17 |
---------------+----------------------------------------------------+-----
Stealth        | 2 |  2.0
Axes           | 4 5 6 7 8 10 11 13 14 15 16 17 18 | 18.8
Armour         | 3 5 7 9 10 12 13 14 | 14.0
Fighting       | 5 8 10 12 13 14 15 | 15.4
Evocations     | 5 11 12 | 12.6
Dodging        | |  2.8

Action                   |  1- 3 |  4- 6 |  7- 9 | 10-12 | 13-15 | 16-18 || total
-------------------------+-------+-------+-------+-------+-------+-------++-------
Melee: Hand axe          |    69 |   297 |       |       |       |       ||   366
       Dagger            |       |     3 |       |       |       |       ||     3
       War axe           |       |    50 |   391 |   997 |  1833 |       ||  3271
       Flail             |       |       |       |    21 |       |       ||    21
       Battleaxe         |       |       |       |       |   146 |   755 ||   901
       Morningstar       |       |       |       |       |    28 |    37 ||    65
 Fire: Hunting sling     |       |       |       |    21 |       |       ||    21
Throw: Tomahawk          |       |     8 |    14 |    10 |    10 |     5 ||    47
       Throwing net      |       |       |       |       |     1 |       ||     1
Evoke: Wand              |       |       |     5 |     3 |    15 |    15 ||    38
  Use: Scroll            |     6 |     1 |     6 |    18 |    14 |     8 ||    53
       Potion            |       |     1 |     2 |     5 |       |     6 ||    14
 Stab: Sleeping          |     4 |     1 |       |    13 |    13 |    16 ||    47
       Invisible         |       |       |       |     3 |       |       ||     3
       Confused          |       |       |       |     2 |     3 |       ||     5
       Distracted        |       |       |       |     2 |     2 |     3 ||     7
  Eat: Chunk             |       |    13 |    14 |    48 |    72 |    20 ||   167
       Ration            |       |       |       |     1 |       |     4 ||     5
Armor: Robe              |    13 |       |       |       |       |       ||    13
       Ring mail         |     7 |    42 |       |       |       |       ||    49
       Chain mail        |       |   189 |    90 |   104 |       |       ||   383
       Plate armour      |       |       |   138 |    50 |       |       ||   188
       Quicksilver drago |       |       |       |   318 |   990 |   510 ||  1818
Dodge: Dodged            |    57 |   159 |   124 |   460 |   842 |   444 ||  2086
Block: Buckler           |       |       |       |    76 |   194 |       ||   270
       Reflection        |       |       |       |       |     5 |       ||     5

Table legend:
 A = Turns spent in this place as a percentage of turns spent in the entire game.
 B = Non-inter-level travel turns spent in this place as a percentage of non-inter-level travel turns spent in the entire game.
 C = Inter-level travel turns spent in this place as a percentage of turns spent in this place.
 D = Turns resting spent in this place as a percentage of non-inter-level travel turns spent in this place.
 E = Turns spent auto-exploring this place as a percentage of non-inter-level travel turns spent in this place.
 F = Non-inter-level travel turns spent in this place divided by the number of levels of this place that you've seen.
                   A       B       C       D       E      F
               +-------+-------+-------+-------+-------+----------------------
         Total | 100.0 | 100.0 |   5.1 |  36.0 |  33.3 | 1253.9
       Dungeon |  42.3 |  42.1 |   5.5 |  32.1 |  34.4 | 1231.6
        Temple |   0.4 |   0.3 |  29.6 |   0.0 |  96.4 | 140.0
          Lair |  18.9 |  18.2 |   8.2 |  26.1 |  46.3 | 1333.8
         Swamp |  13.7 |  13.9 |   3.2 |  50.4 |  27.6 | 1530.2
     Snake Pit |  13.6 |  13.9 |   2.9 |  44.8 |  33.2 | 2031.3
  Orcish Mines |   4.8 |   4.8 |   5.8 |  16.9 |  30.2 | 1049.0
        Bazaar |   0.2 |   0.3 |   0.0 |   0.0 |   0.0 | 115.0
         Sewer |   1.3 |   1.4 |   0.0 |  51.2 |  12.9 | 604.0
        Bailey |   2.6 |   2.7 |   0.0 |  58.2 |   0.0 | 1183.0
      Ice Cave |   2.3 |   2.4 |   0.0 |  59.5 |   0.0 | 1056.0
               +-------+-------+-------+-------+-------+----------------------

Levels and vault maps discovered:
D:1:      minmay_arrival_diagonal_passages, layout_basic
D:2:      layout_loops_ring, chequers_ecumenical_altar_simple_redux,
          first_ration, hangedman_decor_slide_cut, uniq_sigmund, uniq_terence
D:3:      layout_loops_ring, nicolae_overflow_hidden_temple, fedhas_altar_4
D:4:      cheibrodos_barr_body, layout_gridville,
          minmay_temple_entry_sparse_star, serial_shops, kennysheep_mini_moat,
          nicolae_ossuary_entry_ruins, gup_sewer_entry_bowl,
          kennysheep_small_circle
D:5:      minmay_chambers_of_fours, layout_basic, kennysheep_little_box,
          nicolae_tso_besieged_by_evil
D:6:      layout_gridville
D:7:      layout_cave_pools, nicolae_gozag_seed_capital, uniq_joseph,
          uniq_duvessa
D:8:      layout_loops_corners, lemuel_doored_altar, enter_bailey_8
D:9:      cheibrodos_statue_roulette, layout_gridville,
          minmay_orc_entry_temple_small, serial_ice, serial_ice_g, serial_ice_o,
          serial_ice_m, serial_ice_j, serial_ice_e, serial_ice_h, serial_ice_f
D:10:     minmay_clustersquares, layout_basic, hellmonk_ghost_happy_afterlife,
          uniq_erolcha
D:11:     layout_cave_pools, erik_lair_orcish_takeover, hangedman_ranch
          [blue_anna_fruit_fields], wad_mini_maze, uniq_snorg
D:12:     layout_long_grid, ebering_ghost_xom
D:13:     layout_long_grid, skrybe_vaults_entry_preservation
D:14:     layout_rooms, serial_shops, bzr_entry_gold, minmay_misc_feat_roman
D:15:     hangedman_depths_entry_civil_slaughter, layout_rooms,
          grunt_decor_one_mirror, uniq_rupert, uniq_kirke
Temple:   regret_index_temple_mists
Lair:1:   layout_loops_ring, grunt_megastairs_3
Lair:2:   layout_regular_city, guppyfry_snake_entry_island
Lair:3:   layout_regular_city, grunt_megastairs_1, lemuel_fruit_fields,
          uniq_fannar
Lair:4:   layout_cave_pods, swamp_mist, beast_lair_carwin_3, grunt_megastairs_5
Lair:5:   layout_loops_ring, chequers_serial_rivers_marsh
Lair:6:   grunt_lair_end_beastmaster, layout_regular_city, slime_dummy,
          st_stairs_3, serial_bayou_crossing
Swamp:1:  layout_basic_swamp, evilmike_swamp_ruin_house_6
Swamp:2:  layout_basic_swamp, gammafunk_ghost_necromancy,
          evilmike_swamp_ruin_house_5, infiniplex_staircase_pool
Swamp:3:  layout_falls_marsh, evilmike_swamp_ruin_house_3, swamp_pool4
Swamp:4:  swamp, layout_basic_swamp, swamp_pool2, statue_in_the_mist_lemuel,
          nicolae_swamp_spriggan_camp
Snake:1:  layout_honeycomb, hangedman_snake_corridor_split
Snake:2:  layout_cave_pods, serial_bayou_pond_e, drop_trap, lemuel_fruit_tree
Snake:3:  layout_chambers, ebering_ghost_rock_garden,
          portal_ice_cave_entry_horrid_things, serial_bayou_shore_a
Orc:1:    layout_diamond_mine, basic_altar, nicolae_alphabet_shops
Orc:2:    st_orc_ogre_mass, layout_caves, serial_shops, shop, uniq_sonja,
          uniq_josephine
Bazaar:   bazaar_kb_twisted_cavern
Sewer:    sewer_frog_island_01
Bailey:   bailey_polearm_2, bailey
IceCv:    ice_cave_tombish
